 Dungeon Crawl Stone Soup version 0.26.1-10-gdfb7c7de75 (webtiles) character file.

Game seed: 3842436802377759491

15 Almogavar the Changer (level 2, 0/20 HPs)
             Began as a Gnoll Wanderer on Apr 5, 2021.
             Slain by a quokka (1 damage)
             ... on level 2 of the Dungeon.
             The game lasted 00:03:45 (1006 turns).

Almogavar the Changer (Gnoll Wanderer)              Turns: 1006, Time: 00:03:48

Health: 0/20       AC:  2    Str: 14    XL:     2   Next: 50%
Magic:  3/7        EV: 11    Int: 13    God:
Gold:   61         SH:  0    Dex: 15    Spells: 9/10 levels left

rFire    . . .     SeeInvis .   a - +0 dagger
rCold    . . .     Faith    .   (no shield)
rNeg     . . .     Spirit   .   d - +0 robe
rPois    .         Reflect  .   b - -1 helmet (curse)
rElec    .         Harm     .   (no cloak)
rCorr    .         Rampage  .   (no gloves)
Will     .....                  (no boots)
Stlth    ++........             (no amulet)
HPRegen  0.06/turn              (no ring)
MPRegen  0.10/turn              (no ring)

@: no status effects
A: distributed training, fangs 1, strong nose
a: no special abilities


You were on level 2 of the Dungeon.
You visited 1 branch of the dungeon, and saw 2 of its levels.

You collected 61 gold pieces.

Inventory:

Hand Weapons
 a - a +0 dagger (weapon)
Missiles
 f - 4 atropa-tipped darts
 h - 55 stones (quivered)
Armour
 b - a cursed -1 helmet (worn)
 d - a +0 robe (worn)
 i - a +2 helmet
Scrolls
 c - a scroll of teleportation
Potions
 e - a potion of haste {unknown}
 g - a potion of attraction {unknown}
 j - a potion of ambrosia


   Skills:
 + Level 0.4 Fighting
 + Level 0.4 Short Blades
 + Level 0.4 Long Blades
 + Level 0.4 Axes
 + Level 0.4 Maces & Flails
 + Level 0.4 Polearms
 + Level 0.4 Staves
 + Level 0.4 Slings
 + Level 0.4 Bows
 + Level 0.4 Crossbows
 + Level 2.5 Throwing
 + Level 0.4 Armour
 + Level 0.4 Dodging
 + Level 0.4 Stealth
 + Level 2.5 Shields
 + Level 0.4 Unarmed Combat
 + Level 4.9 Spellcasting
 + Level 0.2 Conjurations
 + Level 0.2 Hexes
 + Level 2.0 Summonings
 + Level 0.2 Necromancy
 + Level 0.2 Translocations
 + Level 7.0 Transmutations
 + Level 0.2 Fire Magic
 + Level 0.2 Ice Magic
 + Level 0.2 Air Magic
 + Level 2.0 Earth Magic
 + Level 0.2 Poison Magic
 + Level 0.5 Invocations
 + Level 0.4 Evocations


You had 9 spell levels left.
You knew the following spells:

 Your Spells              Type           Power        Failure   Level
a - Sting                 Tmut/Pois      48%          4%          1

Your spell library contained the following spells:

 Spells                   Type           Power        Failure   Level
 Passwall                 Tmut/Erth      12%          4%          2
 Sandblast                Erth           16%          9%          1
 Ignite Poison            Fire/Tmut/Pois 9%           21%         3
 Petrify                  Tmut/Erth      15%          28%         4
 Stone Arrow              Conj/Erth      12%          34%         3
 Lee's Rapid Deconstruct  Erth           4%           92%         5


Dungeon Overview and Level Annotations

Branches:
Dungeon (2/15)

Altars:
The Shining One


Innate Abilities, Weirdness & Mutations

Your experience applies equally to all skills.
You have very sharp teeth.
Your uncanny sense of smell can sniff out nearby items.


Message History

Confirm with . or Enter, or press ? or * to list all spells.
You don't know that spell.
Unknown command.
Unknown command.
Casting: Sting (safe; 4% risk of failure)
Confirm with . or Enter, or press ? or * to list all spells.
Aiming: Sting (safe; 4% risk of failure)
Press: ? - help, Shift-Dir - straight line, f/p - quokka
Aim: a quokka (lightly wounded, 40% to evade)
The sting misses the quokka.
The quokka bites you but does no damage.
Casting: Sting (safe; 4% risk of failure)
Confirm with . or Enter, or press ? or * to list all spells.
Aiming: Sting (safe; 4% risk of failure)
Press: ? - help, Shift-Dir - straight line, f/p - quokka
Aim: a quokka (40% to evade)
The sting hits the quokka.
The quokka is poisoned.
The quokka is severely wounded.
The quokka bites you.
You die...

∆ # ## ## #. #.#.#
# #. #...# .#
#.[#.(.#..#
#.##r##(# #..@#...#
###....## ## #....#
#####. #.####
#..... #.# #.....
##.####### #.....
#........#####...†.
###.#.).......####.
#.#<........# ##


You could see a quokka (poisoned).

Vanquished Creatures
  A leopard gecko (D:2)
  2 goblins
  A hobgoblin (D:2)
  3 kobolds
  A ball python (D:1)
  2 bats
  3 frilled lizards
  3 rats (D:1)
16 creatures vanquished.

Notes
Turn   | Place    | Note
-------+----------+-------------------------------------------
     0 | D:1      | Almogavar the Gnoll Wanderer began the quest for the Orb.
     0 | D:1      | Almogavar set off with the following items: a +0 dagger, a
                  | scroll of teleportation, a +0 robe; and the following
                  | spells available to memorise: Sting, Passwall, Sandblast,
                  | Ignite Poison, Petrify, Stone Arrow, Lee's Rapid
                  | Deconstruction
     0 | D:1      | Reached XP level 1. HP: 13/13 MP: 6/6
   157 | D:1      | Found a glowing golden altar of the Shining One.
   225 | D:1      | Learned a level 1 spell: Sting
   556 | D:1      | Reached XP level 2. HP: 19/19 MP: 7/7
  1004 | D:2      | HP: 1/20 [quokka (3)]
  1006 | D:2      | Slain by a quokka

Illustrated notes

Levels and vault maps discovered:
D:1:      sevenhm_arrival_forest_fort_small_4, layout_loops_ring, tso_metal_star
D:2:      layout_basic, minmay_distorted

Skill      XL: |  1 |
---------------+----+-----
Summonings     | 2 |  2.0
Earth Magic    | 2 |  2.0
Fighting       | |  0.4
Short Blades   | |  0.4
Long Blades    | |  0.4
Axes           | |  0.4
Maces & Flails | |  0.4
Polearms       | |  0.4
Staves         | |  0.4
Slings         | |  0.4
Bows           | |  0.4
Crossbows      | |  0.4
Throwing       | |  2.5
Armour         | |  0.4
Dodging        | |  0.4
Stealth        | |  0.4
Shields        | |  2.5
Unarmed Combat | |  0.4
Spellcasting   | |  4.9
Conjurations   | |  0.2
Hexes          | |  0.2
Necromancy     | |  0.2
Translocations | |  0.2
Transmutations | |  7.0
Fire Magic     | |  0.2
Ice Magic      | |  0.2
Air Magic      | |  0.2
Poison Magic   | |  0.2
Invocations    | |  0.5
Evocations     | |  0.4

Action                   || total
-------------------------++-------
Melee: Dagger            ||    33
       Bite              ||     2
 Cast: Sting             ||    11
  Use: Scroll            ||     5
       Potion            ||     4
 Stab: Sleeping          ||     1
Armor: Robe              ||    12
Dodge: Dodged            ||    30
